 Dungeon Crawl Stone Soup version 0.30-a0-374-g95c0257040 (webtiles) character file.

Game seed: 12053543557035484564

957 Essalna the Zephyrmancer (level 8, 0/49 HPs)
             Began as a Tengu Air Elementalist on Nov 25, 2022.
             Was an Initiate of Vehumet.
             Killed by their own static electricity (4 damage)
             ... on level 6 of the Dungeon.
             The game lasted 00:10:22 (6436 turns).

Essalna the Zephyrmancer (Tengu Air Elementalist)   Turns: 6436, Time: 00:10:22

Health: 0/49       AC:  7    Str:  9    XL:     8   Next: 14%
Magic:  8/12       EV: 18    Int: 17    God:    Vehumet [......]
Gold:   217        SH:  0    Dex: 15    Spells: 1/11 levels left

rFire   + . .      SeeInvis .    (no weapon)
rCold   . . .      Faith    .    (no shield)
rNeg    . . .      Spirit   .    a - +0 robe
rPois   .          Reflect  .    (helmet restricted)
rElec   .          Harm     .    j - +1 cloak
rCorr   .          Rampage  .    r - +2 pair of gloves
Will    .....                    (boots unavailable)
Stlth   ++........               (no amulet)
HPRegen 0.28/turn                c - ring of protection from fire
MPRegen 0.13/turn                k - +4 ring of evasion

@: flying quickly and evasively, very slightly contaminated, quick
A: beak, talons 3, nimble flight
a: Renounce Religion


You were on level 6 of the Dungeon.
You worshipped Vehumet.
Vehumet was noncommittal.
You visited 2 branches of the dungeon, and saw 7 of its levels.

You collected 217 gold pieces.

Inventory:

Armour
 a - a +0 robe (worn)
 d - a +0 pair of gloves
 j - a +1 cloak (worn)
 r - a +2 pair of gloves (worn)
Jewellery
 c - a ring of protection from fire (left hand)
 k - a +4 ring of evasion (right hand)
Wands
 t - a wand of flame (21)
Scrolls
 e - a scroll of enchant armour
 f - 3 scrolls of identify
 g - 2 scrolls of teleportation
 h - a scroll of butterflies
 m - 4 scrolls of immolation {unknown}
 p - a scroll of noise {unknown}
Potions
 i - 4 potions of lignification
 n - 2 potions of degeneration {unknown}
 o - 3 potions of brilliance {unknown}
 q - a potion of curing {unknown}
 s - a potion of haste {unknown}


   Skills:
 + Level 5.0 Fighting
 - Level 2.1 Dodging
 - Level 2.0 Stealth
 - Level 2.0 Spellcasting
 + Level 7.0 Conjurations
 + Level 8.0 Air Magic


You had one spell level left.
You knew the following spells:

 Your Spells              Type           Power      Damage    Failure   Level
a - Shock                 Conj/Air       100%       1d9       1%          1
b - Static Discharge      Conj/Air       54%        2-5/arc   1%          2
c - Swiftness             Air            28%        N/A       2%          3
d - Airstrike             Air            14%        2d(2-18)  7%          4

Your spell library contained the following spells:

 Spells                   Type           Power      Damage    Failure   Level
 Ensorcelled Hibernation  Hex/Ice        2%         N/A       28%         2
 Passwall                 Tmut/Erth      0%         N/A       28%         2


Dungeon Overview and Level Annotations

Branches:
Dungeon (6/15)             Temple (1/1) D:5

Altars:
Okawaru
Vehumet

Shops:
D:5 *

Annotations:
D:3 Thargor's ghost, amateur GrEE


Innate Abilities, Weirdness & Mutations

You have a beak for a mouth.
You have claws for feet.
Your magical nature lets you fly swiftly and evasively.


Message History

You kill the orc wizard!
Vehumet accepts your kill.
Something is struck by an arc of lightning.
Vehumet accepts your kill.
Reactivating autopickup.
You feel a bit more experienced.
The orc warrior is struck by an arc of lightning.
You kill the orc warrior!
Vehumet accepts your kill.
The lightning grounds out.
An orc priest comes into view. It is wielding a +0 club.
Your Fighting skill increases to level 5!
Your Conjurations skill increases to level 7!
Your Air Magic skill increases to level 8!
Magic courses through your body.
The orc priest mumbles some strange prayers to Beogh against you.
Beogh smites you!
* * * LOW HITPOINT WARNING * * *
You are too injured to fight recklessly!
The orc priest misses you.
Things that are here:
a +0 mace; a +0 chain mail; an orc corpse
Casting: Static Discharge (safe; 1% risk of failure)
Confirm with . or Enter, or press ? or * to list all spells.
The orc priest is struck by an arc of lightning.
The orc priest is severely wounded.
You are struck by an arc of lightning.
* * * LOW HITPOINT WARNING * * *
The orc priest is struck by an arc of lightning.
The orc priest is almost dead.
You are struck by an arc of lightning.
* * * LOW HITPOINT WARNING * * *
The lightning grounds out.
The orc priest closely misses you.
Casting: Static Discharge (safe; 1% risk of failure)
Confirm with . or Enter, or press ? or * to list all spells.
The orc priest is struck by an arc of lightning.
You kill the orc priest!
Vehumet accepts your kill.
You are struck by an arc of lightning.
You die...

*###** *..,,* *.#*,*
********#########.#*,*
,,,,,,,,......).@>#*,*
,*,*****#########)#*,*
,*,* *.#*,* ,*,*
*.#*,* ,*,******
*.#*,* ,,,,,,,,**
*.#*,* ,*****,,,**
*.#*,* ,* *,,,,*
****.#*,* ,* *,,,,*
*,,,,,,,*


There were no monsters in sight!

Vanquished Creatures
  Sigmund (D:2)
  An orc warrior (D:6)
  A black bear (D:5)
  An ogre (D:4)
  A kobold brigand (D:5)
  A scorpion (D:5)
  2 orc priests
  3 hounds
  An iguana (D:5)
  6 orc wizards
  3 adders
  2 worms (D:3)
  A dart slug (D:5)
  20 orcs
  5 endoplasms
  3 giant cockroaches
  11 hobgoblins
  9 kobolds
  2 quokkas
  7 ball pythons
  6 bats
  6 frilled lizards
  6 goblins
  6 rats
105 creatures vanquished.

Notes
Turn   | Place    | Note
-------+----------+-------------------------------------------
     0 | D:1      | Essalna the Tengu Air Elementalist began the quest for the
                  | Orb.
     0 | D:1      | Reached XP level 1. HP: 10/10 MP: 4/4
   203 | D:1      | Reached XP level 2. HP: 16/16 MP: 4/6
   413 | D:1      | Reached skill level 1 in Fighting
   903 | D:1      | Reached XP level 3. HP: 9/20 MP: 0/7
  1294 | D:2      | Noticed Sigmund
  1655 | D:3      | Reached XP level 4. HP: 26/26 MP: 4/8
  1702 | D:3      | Found an iron altar of Okawaru.
  1728 | D:3      | Found a runed translucent door.
  1728 | D:3      | Noticed Thargor's ghost (amateur GrEE)
  1955 | D:3      | Reached skill level 5 in Air Magic
  2351 | D:4      | Gained mutation: Your magical nature lets you fly swiftly
                  | and evasively. [Tengu growth]
  2351 | D:4      | Reached XP level 5. HP: 23/31 MP: 0/9
  2583 | D:2      | Learned a level 2 spell: Static Discharge
  2587 | D:2      | Learned a level 3 spell: Swiftness
  2704 | D:2      | Killed Sigmund
  2705 | D:2      | Reached skill level 6 in Air Magic
  2705 | D:2      | Reached XP level 6. HP: 35/37 MP: 2/10
  3493 | D:4      | Reached skill level 5 in Conjurations
  3606 | D:4      | Found a radiant altar of Vehumet.
  3616 | D:4      | Became a worshipper of Vehumet
  4196 | D:4      | Reached XP level 7. HP: 39/42 MP: 2/11
  4726 | D:5      | Entered Level 5 of the Dungeon
  4887 | D:5      | Found a staircase to the Ecumenical Temple.
  4951 | D:5      | Reached skill level 7 in Air Magic
  5233 | D:5      | Learned a level 4 spell: Airstrike
  5286 | D:5      | Found Oclou's Assorted Antiques.
  5352 | Temple   | Entered the Ecumenical Temple
  6432 | D:6      | Reached XP level 8. HP: 23/48 MP: 3/12
  6433 | D:6      | Reached skill level 5 in Fighting
  6433 | D:6      | Reached skill level 8 in Air Magic
  6436 | D:6      | Killed from afar by themself

Illustrated notes

Levels and vault maps discovered:
D:1:      dpeg_arrival_central, layout_basic
D:2:      layout_basic, minmay_hedge_maze, eino_tiny_chamber, uniq_sigmund
D:3:      layout_loops_ring, mainiacjoe_overflow_brackets,
          hellmonk_ghost_happy_afterlife
D:4:      layout_loops_corners, mainiacjoe_overflow_cross_hatched,
          serial_co_window_serial, co_window_paths_b, co_window_corner_a,
          co_window_paths_a, co_window_corner_a, co_window_paths_b,
          co_window_of_opportunity_a, co_window_corner_a, co_window_paths_b,
          co_window_of_opportunity_a, co_window_corner_cb, co_window_2corner,
          co_window_of_opportunity_c, co_window_corner_cb, co_window_4corner_b,
          glass_columns_a, glass_columns_a
D:5:      layout_layer_cave, minmay_temple_entry_junction, serial_shops, shop,
          minivault_11
D:6:      kennysheep_kobold_camp, layout_basic, cheibrodos_sewer_entry_sluice,
          uniq_crazy_yiuf_cottage
Temple:   nicolae_temple_superstar

Skill      XL: |  1  2  3  4  5  6  7  8 |
---------------+-------------------------+-----
Conjurations   | 2 3 4 5 6 7 |  7.0
Fighting       | 1 2 3 4 5 |  5.0
Air Magic      | 5 6 7 8 |  8.0
Dodging        | |  2.1
Stealth        | |  2.0
Spellcasting   | |  2.0

Action                   |  1- 3 |  4- 6 |  7- 9 || total
-------------------------+-------+-------+-------++-------
Melee: Unarmed           |    14 |     9 |     1 ||    24
       Kick              |     4 |     3 |     1 ||     8
       Peck              |     2 |     4 |     1 ||     7
 Cast: Shock             |    82 |   111 |    55 ||   248
       Static Discharge  |       |     1 |     9 ||    10
  Use: Scroll            |     1 |       |     5 ||     6
       Potion            |       |       |     1 ||     1
Armor: Robe              |     4 |     5 |     5 ||    14
Dodge: Dodged            |    16 |    15 |    20 ||    51

Table legend: (Time is in decaauts)
 A = Elapsed time spent in this place.
 B = Non-inter-level travel time spent in this place.
 C = Inter-level travel time spent in this place.
 D = Time resting spent in this place.
 E = Time spent auto-exploring this place.
 F = Levels seen in this place.
 G = Mean time per level.
                   A        B        C        D        E       F      G
               +--------+--------+--------+--------+--------+-----+--------+
         Total |   6165 |   5966 |    199 |    204 |   5118 |   7 |  880.7 |
       Dungeon |   6035 |   5836 |    199 |     78 |   5118 |   6 | 1005.8 |
        Temple |    130 |    130 |      0 |    126 |      0 |   1 |  130.0 |
               +--------+--------+--------+--------+--------+-----+--------+

Top non-repeatable levels by time:
     D:5: 1444 daAuts
     D:4: 1215 daAuts
     D:3: 1173 daAuts
     D:1: 1127 daAuts
     D:2: 1057 daAuts
  Temple: 130 daAuts
     D:6: 16 daAuts
